 Dungeon Crawl Stone Soup version 0.20.1-1-g8b1a95d (webtiles) character file.

714 Lanoc the Chopper (level 7, 0/61 HPs)
             Began as a Hill Orc Chaos Knight on Dec 9, 2017.
             Was a Follower of Beogh.
             Slain by a gnoll
             ... wielding a +0 club
              (6 damage)
             ... on level 5 of the Dungeon.
             The game lasted 00:15:04 (3334 turns).

Lanoc the Chopper (Hill Orc Chaos Knight)           Turns: 3334, Time: 00:15:05

Health: 0/61       AC:  6    Str: 19    XL:     7   Next: 69%
Magic:  8/8        EV:  9    Int: 12    God:    Beogh [*.....]
Gold:   249        SH:  9    Dex: 12    Spells: 6/6 levels left

rFire    + . .     SeeInvis +   a - +0 hand axe (chaos)
rCold    + . .     Gourm    .   t - +0 shield
rNeg     . . .     Faith    +   f - +1 ring mail {rPois}
rPois    +         Spirit   .   (helmet restricted)
rElec    .         Reflect  .   (no cloak)
rCorr    .         Harm     .   (no gloves)
MR       +....                  (no boots)
Stlth    +.........             z - amulet of faith
Regen    0.2/turn               w - ring "Xifroel" {rF+ rC+ MR+ Str+2}
MPRegen  0.2/turn               r - ring of see invisible

@: no status effects
A: horns 1, strong 1, wild magic 1, no potion heal 1
a: Renounce Religion


You were on level 5 of the Dungeon.
You worshipped Beogh.
Beogh was aware of your devotion.
You were not hungry.

You visited 1 branch of the dungeon, and saw 5 of its levels.

You collected 249 gold pieces.

Inventory:

Hand Weapons
 a - a +0 hand axe of chaos (weapon)
 C - the +4 Vampire's Tooth {vamp}
   (You found it on level 4 of the Dungeon)

   It inflicts no extra harm, but heals its wielder when it wounds a living foe.
Armour
 f - a +1 ring mail of poison resistance (worn)
 t - a +0 shield (worn)
Magical Staves
 A - an uncursed staff of power
Jewellery
 d - an uncursed amulet of magic regeneration
 k - a +3 amulet of reflection
 o - a +3 ring of dexterity
 r - a ring of see invisible (right hand)
 w - the ring "Xifroel" (left hand) {rF+ rC+ MR+ Str+2}
   (You found it on level 4 of the Dungeon)

   [ring of strength]

   It affects your strength (+2).
   It protects you from fire.
   It protects you from cold.
   It affects your resistance to hostile enchantments.
 z - an amulet of faith (around neck)
Scrolls
 e - a scroll of enchant armour {unknown}
 h - a scroll of teleportation {unknown}
 i - 9 scrolls of identify {unknown}
 j - a scroll of noise {unknown}
 l - a scroll of fog {unknown}
 n - 2 scrolls of magic mapping {unknown}
 p - 2 scrolls of random uselessness {unknown}
 s - 2 scrolls of blinking {unknown}
 v - 2 scrolls of enchant weapon {unknown}
 y - 2 scrolls of remove curse {unknown}
 D - a scroll of immolation {unknown}
Potions
 b - a potion of curing {unknown}
 q - a potion of cancellation
 x - a potion of agility
Comestibles
 c - 3 bread rations
 g - 2 royal jellies
 m - 2 fruits
 u - a meat ration
 B - 4 chunks of flesh


   Skills:
 + Level 5.0 Fighting
 * Level 7.9 Axes
 + Level 4.0 Armour
 + Level 2.6 Dodging
 + Level 2.9 Shields
 + Level 1.5 Invocations


You had 6 spell levels left.
You didn't know any spells.

Dungeon Overview and Level Annotations

Branches:
Dungeon (5/15)             Temple (0/1) D:4

Altars:

Shops:
D:4 }


Innate Abilities, Weirdness & Mutations

You have a pair of small horns on your head.
Your muscles are strong. (Str +2)
Your spells are a little harder to cast, but a little more powerful.
Potions are less effective at restoring your health.


Message History

The gnoll is severely wounded.
You block the gnoll's attack.
You hit the gnoll but do no damage.
The gnoll is severely wounded.
You block the gnoll's attack.
Your shield prevents you from hitting the gnoll.
The gnoll is severely wounded.
You block the gnoll's attack.
You hit the gnoll.
The gnoll seems to speed up.
You headbutt the gnoll, but do no damage.
The gnoll is almost dead.
The gnoll hits you with a whip.
* * * LOW HITPOINT WARNING * * *
The gnoll hits you with a whip!
* * * LOW HITPOINT WARNING * * *
You hit the gnoll.
The gnoll is poisoned.
The gnoll is heavily wounded.
You hit the gnoll but do no damage.
The gnoll is poisoned.
The gnoll hits you with a club.
You die...

####
#@)#
#gg.#
##..#
##..
...
.⌠..
...
...


You could see 2 gnolls.

Vanquished Creatures
  An ice beast (D:4)
  2 vampire bats (D:4)
  A howler monkey (D:4)
  A crimson imp (D:3)
  An orc wizard (D:4)
  A hound (D:4)
  A gnoll shaman (D:5)
  4 worker ants
  The ghost of letownia2 the Grave Robber, a weakling DDNe (D:3)
  4 adders
  5 gnolls (D:5)
  A dart slug (D:2)
  3 leopard geckos
  8 orcs
  3 giant cockroaches
  5 goblins
  6 hobgoblins
  11 jackals
  A quokka (D:3)
  10 bats
  4 frilled lizards
  7 kobolds
  4 rats
85 creatures vanquished.

Vanquished Creatures (others)
  The ghost of soepske the Skirmisher, an amateur DsAK of Lugonu (D:4)
  An orc (D:4)
  A bat (D:3)
  A leopard gecko skeleton (D:4)
  A rat (D:2)
5 creatures vanquished.

Grand Total: 90 creatures vanquished

Notes
Turn   | Place    | Note
-------+----------+-------------------------------------------
     0 | D:1      | Lanoc the Hill Orc Chaos Knight began the quest for the Orb.
     0 | D:1      | Reached XP level 1. HP: 19/19 MP: 1/1
    86 | D:1      | XOM: potion effect (agility)
   193 | D:1      | XOM: divination: detect items
   230 | D:1      | XOM: harmless Air miscast
   265 | D:1      | Reached XP level 2. HP: 26/26 MP: 2/2
   321 | D:1      | Reached skill level 1 in Dodging
   596 | D:1      | XOM: smoke on damage
   643 | D:1      | XOM: scenery: 1 doors close
   839 | D:2      | XOM: mild Pois miscast
   843 | D:2      | XOM: mild Air miscast
   844 | D:2      | XOM: destruction
   849 | D:2      | XOM: divination: detect items
  1060 | D:2      | XOM: god gift: long sword {god gift}
  1097 | D:2      | Reached XP level 3. HP: 13/33 MP: 3/3
  1098 | D:2      | XOM: mild Pois miscast
  1129 | D:1      | HP: 1/33 [poisoned by the capriciousness of Xom (residual poison)]
  1397 | D:2      | XOM: divination: detect items
  1593 | D:2      | Reached skill level 5 in Axes
  1689 | D:3      | Fell from the grace of Xom
  1689 | D:3      | Became a worshipper of Beogh the Brigand
  1755 | D:3      | Noticed letownia2's ghost (weakling DDNe)
  1764 | D:3      | Killed letownia2's ghost
  1764 | D:3      | Reached XP level 4. HP: 33/40 MP: 4/4
  1815 | D:3      | XOM: medium Hex miscast
  1898 | D:3      | Reached skill level 1 in Shields
  1969 | D:3      | Reached XP level 5. HP: 37/46 MP: 5/5
  2176 | D:4      | Gained mutation: Your spells are a little harder to cast, but a little more powerful. [potion of mutation]
  2176 | D:4      | Gained mutation: Potions are less effective at restoring your health. [potion of mutation]
  2176 | D:4      | Gained mutation: Your muscles are strong. (Str +2) [potion of mutation]
  2176 | D:4      | Gained mutation: You have a pair of small horns on your head. [potion of mutation]
  2180 | D:4      | Reached skill level 6 in Axes
  2182 | D:4      | Reached * piety under Beogh
  2255 | D:4      | Reached XP level 6. HP: 21/52 MP: 6/6
  2270 | D:4      | Noticed soepske's ghost (amateur DsAK)
  2442 | D:4      | Noticed an ice beast
  2455 | D:4      | Killed an ice beast
  2517 | D:4      | Got a steaming silver ring
  2519 | D:4      | Identified the ring "Xifroel" {rF+ rC+ MR+ Str+2} (You found it on level 4 of the Dungeon)
  2524 | D:4      | Found a staircase to the Ecumenical Temple.
  2589 | D:4      | Found Rohoz's Gadget Boutique.
  2711 | D:3      | Reached skill level 7 in Axes
  2712 | D:3      | Reached XP level 7. HP: 26/60 MP: 7/7
  2894 | D:4      | Banished soepske's ghost
  3195 | D:4      | XOM: severe Ice miscast
  3246 | D:4      | Reached skill level 5 in Fighting
  3246 | D:4      | Reached skill level 1 in Invocations
  3310 | D:5      | Entered Level 5 of the Dungeon
  3334 | D:5      | Slain by a gnoll

Skill      XL: |  1  2  3  4  5  6  7 |
---------------+----------------------+-----
Dodging        | 1 2 |  2.6
Axes           | 5 6 7 |  7.9
Armour         | 3 4 |  4.0
Shields        | 1 2 |  2.9
Fighting       | 4 5 |  5.0
Invocations    | 1 |  1.5

Action                   |  1- 3 |  4- 6 |  7- 9 || total
-------------------------+-------+-------+-------++-------
Melee: Hand axe          |   107 |   106 |    71 ||   284
       Headbutt          |       |    15 |    10 ||    25
Invok: Convert to Beogh  |     1 |       |       ||     1
  Use: Potion            |       |     6 |       ||     6
 Stab: Petrified         |       |     8 |     2 ||    10
       Petrifying        |       |     1 |     1 ||     2
       Paralysed         |       |     3 |       ||     3
  Eat: Chunk             |     3 |     3 |     2 ||     8
Armor: Leather armour    |    23 |       |       ||    23
       Ring mail         |     4 |    31 |    29 ||    64
       Skin              |       |    10 |       ||    10
Dodge: Dodged            |    55 |    37 |    27 ||   119
Block: Other             |     9 |       |       ||     9
       Shield            |     5 |    58 |    31 ||    94
